Match 25000325
Unlisted

Match 25000325
End
Construct Barracks
Construct Barracks
Selects Armored Battlegroup
Selects Veteran Crews
1⁄4-ton 4x4 Truck
Riflemen Squad
Riflemen Squad
Riflemen Squad
Air Support Center
Grenade Package
Selects Fast Deploy
YangXYZ
Musa
Sobieski
刘!建!龙!
dhehddhtp
嘉然今天吃越共
Dreamerpython
doumbeo169
0
0

Comments sign in to comment!

No comments posted yet!